cohdb
Replays
Latest Replays
All Replays
Popular Replays
Top Player Replays
Match Explorer
How It Works
Community
CoH3 Stats
Reddit
Sign in to upload your games and track your stats! →
Sign in with Steam
Match 32373144
Unlisted
Match 32373144
Overview
Messages
Build Orders
End
Construct Section Command Post
Infantry Section
Vickers Machine Gun Team
Infantry Section
Selects Heavy Armor Battlegroup
Infantry Section
Construct Field Infirmary
Selects Rigorous Vehicle Training
Grenade Package
ML 3-inch Mortar Team
Construct Platoon Command Post
CMP 15cwt Truck
Infantry Section
Selects Crusader AA Medium Tank
Selects UNKNOWN (2162094)
6-pounder Anti-tank Gun Team
Infantry Section
Construct Company Command Post
N-JoyY
Bruistablet
Professor gibberish
jozef.st
janemba914
Blacky
Kicu
Thus Zarathustra says nothing
0
0
Comments
sign in to comment!
No comments posted yet!